 Dungeon Crawl Stone Soup version 0.30-a0-613-gdd512c7efb (webtiles) character file.

Game seed: 11842704998282268334

613 OTABOTABOTAB the Insei (level 7, -2/47 HPs)
             Began as an Octopode Transmuter on Jan 8, 2023.
             Killed from afar by a steam dragon (11 damage)
             ... with a ball of steam
             ... on level 4 of the Dungeon.
             The game lasted 00:10:11 (5161 turns).

OTABOTABOTAB the Insei (Octopode Transmuter)        Turns: 5161, Time: 00:10:12

Health: -2/47      AC:  6    Str:  9      XL:     7   Next: 44%
Magic:  8/10       EV: 19    Int: 17      God:
Gold:   170        SH:  0    Dex: 17 (18) Spells: 4/10 levels left

rFire   . . .      SeeInvis .      - Unarmed
rCold   . . .      Faith    .    (shield currently unavailable)
rNeg    . . .      Spirit   .    (helmet currently unavailable)
rPois   x          Reflect  .    (no amulet)
rElec   .          Harm     .    A - +4 ring of protection
rCorr   .          Rampage  .    (no ring)
Will    .....                    (no ring)
Stlth   ++                       (no ring)
HPRegen 0.27/turn                (no ring)
MPRegen 0.12/turn                (no ring)
                                 (no ring)
                                 (no ring)

@: spider-form
A: venomous fangs, almost no armour, (amphibious), 8 rings, tiny, (camouflage
1), (gelatinous body 1), (nimble swimmer 1), (tentacles), mutation resistance 1,
robust 1
a: End Transformation


You were on level 4 of the Dungeon.
You were a venomous arachnid creature.
You visited 1 branch of the dungeon, and saw 4 of its levels.

You collected 170 gold pieces.

Inventory:

Missiles
 s - 39 stones
Jewellery
 A - a +4 ring of protection (left front pincers)
   (You found it on level 4 of the Dungeon)
Scrolls
 d - 2 scrolls of amnesia
 e - a scroll of enchant armour
 f - a scroll of identify {@r1}
Potions
 a - a potion of degeneration {!q}
 R - a potion of resistance


   Skills:
 - Level 1.4 Fighting
 - Level 2.2 Dodging
 + Level 5.3 Unarmed Combat
 - Level 2.2 Spellcasting
 + Level 4.8 Transmutations
 + Level 2.7 Ice Magic
 - Level 3.0 Poison Magic


You had 4 spell levels left.
You knew the following spells:

 Your Spells              Type           Power      Damage    Failure   Level
a - Beastly Appendage     Tmut           36%        N/A       10%         1
b - Wereblood             Tmut           18%        N/A       13%         2
c - Spider Form           Tmut/Pois      15%        N/A       28%         3

Your spell library contained the following spells:

 Spells                   Type           Power      Damage    Failure   Level
 Blink                    Tloc           2%         N/A       50%         2
 Momentum Strike          Conj/Tloc      2%         3d8       50%         2
 Ice Form                 Ice/Tmut       14%        N/A       61%         4
 Lesser Beckoning         Tloc           2%         N/A       71%         3


Dungeon Overview and Level Annotations

Branches:
Dungeon (4/15)
 Temple: D:4-7

Altars:
Dithmenos
Elyvilon
Makhleb
Ru
Zin

Annotations:
D:4 exclusion: steam dragon


Innate Abilities, Weirdness & Mutations

You are a venomous arachnid creature.
You have venomous fangs.
You are tiny and dextrous.
Your spellcasting is less reliable in this form.
Your armour is entirely melded.
You are incapable of wielding weapons or throwing items.
You cannot wear most types of armour.
((You are amphibious.))
You can wear up to eight rings at the same time.
((Your skin changes colour to match your surroundings (Stealth+).))
((Your rubbery body absorbs attacks. (AC +1, EV +1)))
((You are camouflaged when in or above water. (Stealth+)))
((You have tentacles for arms and can constrict up to eight enemies at once.))
You are somewhat resistant to further mutation.
You are robust. (+10% HP)


Message History

You aren't carrying any armour which can be enchanted further.
The air fills with toxic fumes!
As you read the scroll labelled WAESUL OTSARGH, it crumbles to dust.
It was a scroll of poison.
You feel protected.
Really quaff
U - a potion of mutation {!q}?
Really quaff the potion of mutation?
You feel extremely strange.
Your magical essence no longer links to wands of the dungeon.
You feel robust.
You feel genetically stable.
You hit the phantom.
The phantom hits you but does no damage.
You hit the phantom. Your squeeze misses the phantom.
The phantom hits you but does no damage.
You hit the phantom.
The phantom hits you but does no damage.
You hit the phantom. The phantom barely misses you.
You closely miss the phantom. Your squeeze misses the phantom.
The phantom misses you.
You barely miss the phantom. You tentacle-slap the phantom.
Your squeeze misses the phantom.
The phantom hits you but does no damage.
You closely miss the phantom.
Your tentacle-slap misses the phantom.
The phantom misses you.
You hit the phantom.
You destroy the phantom!
You feel your strength returning.
You start resting.
Your extra speed is starting to run out.
You start resting.
You feel yourself slow down.
You start resting.
You start to feel less resistant.
You regained 9 hp, and now have 18/47 hp.
You start resting.
Your resistance to elements expires.
You regained 2 hp, and now have 20/47 hp.
You start resting.
Health restored: 47 Unknown command.
You start waiting.
Done waiting.
Unknown command.
You now have 170 gold pieces (gained 16).
Partly explored, can't reach some items and places.
Partly explored, can't reach some items and places.
You don't currently have any unidentified items.
Unknown command.
Unknown command.
Partly explored, can't reach some items and places.
Partly explored, can't reach some items and places.
Partly explored, can't reach some items and places.
Search for what [Enter for "altar", or ? for help]? altar Your +2 hand axe of venom stops dripping with poison.
You are now empty-tentacled.
You drop a +2 hand axe of venom.
Partly explored, can't reach some items and places.
Partly explored, can't reach some items and places.
Really wriggle into a travel-excluded area?
The steam dragon hisses angrily.
The steam dragon breathes steam at you. The ball of steam hits you!!
You take 19 damage, and have 28/47 hp.
MASSIVE DAMAGE!!
You turn into a venomous arachnid creature.
You now have 7/10 mp.
Really crawl into a travel-excluded area? [Y]es or [N]o only, please.
Really crawl into a travel-excluded area? [Y]es or [N]o only, please.
Really crawl into a travel-excluded area? [Y]es or [N]o only, please.
Really crawl into a travel-excluded area?
The steam dragon breathes steam at you. The ball of steam misses you.
You hit the steam dragon.
You are engulfed in a cloud of scalding steam.
The steam dragon closely misses you. The steam dragon barely misses you.
You take 3 damage, and have 26/47 hp.
You hit the steam dragon.
The steam dragon is poisoned.
You are engulfed in a cloud of scalding steam.
The steam dragon bites you but does no damage.
The steam dragon misses you.
You take 10 damage, and have 16/47 hp.
MASSIVE DAMAGE!!
You hit the steam dragon but do no damage.
The steam dragon looks as sick as possible!
You are engulfed in a cloud of scalding steam.
The steam dragon barely misses you.
The steam dragon claws you but does no damage.
You barely miss the steam dragon. The steam dragon misses you. x2
You hit the steam dragon.
The steam dragon looks as sick as possible!
The steam dragon breathes steam at you. The ball of steam misses you.
You barely miss the steam dragon.
You are engulfed in a cloud of scalding steam.
* * * LOW HITPOINT WARNING * * *
The steam dragon breathes steam at you. The ball of steam hits you!
You die...

##.###....##.#..##.
##.##....##....#..
##.######.####.##.[
#.### #.........#..
#.§8# ###........#.
##§## ###.######.##
##.## #...<......#.
#.§.#############.#
##s8##..........#.#
#.D############.#.#
#~.~* #.##. *#...#*
#.### *.._..*
####.##.
#.....#######..).#..
##...##..........#..
######..........#..
#...........##.


You could see a steam dragon (extremely poisoned, catching breath).

Vanquished Creatures
  Sigmund (D:2)
  A water moccasin (D:4)
  A phantom (D:4)
  A hound (D:4)
  2 orc priests (D:3)
  A jelly (D:4)
  Jessica (D:2)
  Terence (D:2)
  A gnoll (D:1)
  A shadow imp (D:3)
  4 worms
  A dart slug (D:2)
  3 orcs (D:3)
  5 endoplasms
  2 giant cockroaches (D:3)
  8 goblins
  5 hobgoblins
  A quokka (D:3)
  9 ball pythons
  6 bats
  4 frilled lizards
  3 kobolds
  A rat (D:1)
63 creatures vanquished.

Vanquished Creatures (others)
  An orc wizard (D:3)
  2 fungi (D:1)
  4 plants (D:1)
7 creatures vanquished.

Grand Total: 70 creatures vanquished

Notes
Turn   | Place    | Note
-------+----------+-------------------------------------------
     0 | D:1      | OTABOTABOTAB the Octopode Transmuter began the quest for
                  | the Orb.
     0 | D:1      | Reached XP level 1. HP: 13/13 MP: 3/3
   344 | D:1      | Reached XP level 2. HP: 14/18 MP: 3/5
   365 | D:1      | Found a faded altar of an unknown god.
   542 | D:1      | Learned a level 2 spell: Wereblood
   664 | D:1      | Reached XP level 3. HP: 23/23 MP: 4/6
   897 | D:2      | Noticed Terence
  1015 | D:2      | Noticed Sigmund
  1032 | D:2      | Learned a level 3 spell: Spider Form
  1086 | D:2      | Gained mutation: You expend magic power (3 MP) to
                  | strengthen your wands. [potion of mutation]
  1103 | D:2      | Killed Sigmund
  1104 | D:2      | Reached skill level 4 in Unarmed Combat
  1104 | D:2      | Reached skill level 3 in Transmutations
  1104 | D:2      | Reached skill level 2 in Poison Magic
  1104 | D:2      | Reached XP level 4. HP: 13/28 MP: 7/7
  1104 | D:2      | Reached XP level 5. HP: 15/33 MP: 8/8
  1448 | D:2      | Noticed Jessica
  1461 | D:2      | Killed Jessica
  1462 | D:2      | Reached skill level 3 in Poison Magic
  1462 | D:2      | Reached XP level 6. HP: 12/38 MP: 6/9
  1940 | D:2      | You fall into a shaft and drop 2 floors!
  2084 | D:4      | HP: 8/38 [acid (4)]
  2604 | D:4      | Noticed a water moccasin
  2617 | D:4      | Killed a water moccasin
  2618 | D:4      | Reached skill level 4 in Transmutations
  2618 | D:4      | Reached skill level 1 in Ice Magic
  2876 | D:2      | Killed Terence
  3153 | D:3      | Found a shadowy altar of Dithmenos.
  3716 | D:3      | Reached skill level 5 in Unarmed Combat
  3716 | D:3      | Reached skill level 2 in Ice Magic
  3716 | D:3      | Reached XP level 7. HP: 42/43 MP: 10/10
  3777 | D:3      | Found a burning altar of Makhleb.
  3782 | D:3      | Found a glowing silver altar of Zin.
  3787 | D:3      | Found a white marble altar of Elyvilon.
  4403 | D:4      | Found a faded altar of an unknown god.
  4403 | D:4      | Found the Hermit's Pendant {Faith Invo=14 Evo=0 MP+5}
  4404 | D:4      | Noticed a steam dragon
  4497 | D:4      | Found a sacrificial altar of Ru.
  4781 | D:4      | HP: 7/43 [phantom (5)]
  4782 | D:4      | HP: 2/43 [phantom (3)]
  4802 | D:4      | Lost mutation: You expend magic power (3 MP) to strengthen
                  | your wands. [potion of mutation]
  4802 | D:4      | Gained mutation: You are robust. (+10% HP) [potion of
                  | mutation]
  4802 | D:4      | Gained mutation: You are somewhat resistant to further
                  | mutation. [potion of mutation]
  5161 | D:4      | HP: 8/47 [steam dragon] (8)]
  5161 | D:4      | Killed from afar by a steam dragon

Illustrated notes

Levels and vault maps discovered:
D:1:      saegor_arrival_simple_c, layout_loops_ring,
          shapermc_ecumenical_altar_mp_urbaneastern
D:2:      layout_basic, uniq_jessica, uniq_terence, uniq_sigmund
D:3:      minmay_door_path, layout_loops_corners,
          minmay_overflow_temple_star_quad, general_overflow_altar,
          minmay_misc_feat_x
D:4:      nicolae_cairo_tiling, layout_basic, nicolae_ru_the_path_less_chosen,
          hellmonk_guarded_unrand_hermit

Skill      XL: |  1  2  3  4  5  6 |
---------------+-------------------+-----
Unarmed Combat | 4 5 |  5.3
Transmutations | 3 4 |  4.8
Poison Magic   | 2 3 |  3.0
Ice Magic      | 2 |  2.7
Fighting       | |  1.4
Dodging        | |  2.2
Spellcasting   | |  2.2

Action                   |  1- 3 |  4- 6 |  7- 9 || total
-------------------------+-------+-------+-------++-------
Melee: Unarmed           |    47 |    98 |     6 ||   151
       Constrict         |    14 |    14 |     3 ||    31
       Tentacles         |     6 |    15 |     5 ||    26
       Punch             |     2 |     6 |     2 ||    10
       Kick              |     7 |     8 |     3 ||    18
       Hand axe          |       |     6 |    38 ||    44
Throw: Stone             |     2 |       |       ||     2
 Cast: Beastly Appendage |    14 |     5 |     4 ||    23
       Spider Form       |       |     6 |     1 ||     7
 Abil: End Transformatio |     4 |     6 |     2 ||    12
  Use: Potion            |     5 |     5 |     4 ||    14
       Scroll            |       |       |     4 ||     4
 Stab: Sleeping          |       |     6 |     3 ||     9
Armor: Skin              |     4 |    22 |    14 ||    40
Dodge: Dodged            |    26 |    44 |    26 ||    96

Table legend: (Time is in decaauts)
 A = Elapsed time spent in this place.
 B = Non-inter-level travel time spent in this place.
 C = Inter-level travel time spent in this place.
 D = Time resting spent in this place.
 E = Time spent auto-exploring this place.
 F = Levels seen in this place.
 G = Mean time per level.
                   A        B        C        D        E       F      G
               +--------+--------+--------+--------+--------+-----+--------+
         Total |   5134 |   4949 |    185 |    893 |   3346 |   4 | 1283.5 |
       Dungeon |   5134 |   4949 |    185 |    893 |   3346 |   4 | 1283.5 |
               +--------+--------+--------+--------+--------+-----+--------+

Top non-repeatable levels by time:
     D:4: 1626 daAuts
     D:3: 1403 daAuts
     D:2: 1215 daAuts
     D:1: 889 daAuts

Table legend:
 A = Kills in this place as a percentage of kills in entire the game.
 B = Kills by you in this place as a percentage of kills by you in the entire game.
 C = Kills by friends in this place as a percentage of kills by friends in the entire game.
 D = Other kills in this place as a percentage of other kills in the entire game.
 E = Experience gained in this place as a percentage of experience gained in the entire game.
 F = Experience gained in this place divided by the number of levels of this place that you have seen.
                   A       B       C       D       E      F
               +-------+-------+-------+-------+-------+----------------------
         Total | 100.0 | 100.0 |   N/A | 100.0 | 100.0 | 219.2
       Dungeon | 100.0 | 100.0 |   N/A | 100.0 | 100.0 | 219.2
               +-------+-------+-------+-------+-------+----------------------
